SR
VALLEY VIEW COUGARS @ MOOSE JAW CANUCKS
07/21/2032
 
TOP OF THE 1ST
Valley View Cougars batting - Pitching for Moose Jaw Canucks : RHP Tung-chi Ran
Pitching: RHP Tung-chi Ran
Batting: RHB Román Ramírez 0-0: Foul Ball, location: 2F
0-1: Ball
1-1: Called Strike
1-2: SINGLE (Groundball, 56D)
Batting: RHB Pedro Ortíz 0-0: Ground out 4-3 (Groundball, 4MS)
Román Ramírez to second
Batting: LHB António Casas 0-0: Called Strike
0-1: Ball
1-1: Ball
2-1: Foul Ball, location: 2F
2-2: Foul Ball, location: 2F
2-2: Ball
3-2: SINGLE (Line Drive, 7S)
Román Ramírez to third
Runner from 3rd tries for Home, SAFE, no throw
Batting: RHB Carlos Mendoza 0-0: Called Strike
0-1: Called Strike
0-2: Ball
1-2: Foul Ball, location: 2F
1-2: Fly out, F4 (Flyball, 34D)
Batting: LHB Manuel Gonzáles 0-0: Called Strike
0-1: Ball
1-1: Ball
2-1: DOUBLE (Flyball, 7D)
António Casas to third
Runner from 3rd tries for Home, SAFE, no throw
Batting: LHB Lucas Hancox 0-0: Fly out, F9 (Flyball, 89D)
Top of the 1st over - 2 runs, 3 hits, 0 errors, 1 left on base; Valley View 2 - Moose Jaw 0
BOTTOM OF THE 1ST
Moose Jaw Canucks batting - Pitching for Valley View Cougars : LHP Einar Engberg
Pitching: LHP Einar Engberg
Batting: LHB Ramón Padilla 0-0: Ball
1-0: Ball
2-0: Called Strike
2-1: Foul Ball, location: 2F
2-2: Ground out 3-1 (Groundball, 34S)
Batting: RHB Qi-chao Di 0-0: Ball
1-0: Foul Ball, location: 2F
1-1: Swinging Strike
1-2: Ball
2-2: Foul Ball, location: 2F
2-2: Foul Ball, location: 2F
2-2: Ground out 4-3 (Groundball, 4)
Batting: RHB Michael Hughes 0-0: Ground out 4-3 (Groundball, 4)
Bottom of the 1st over - 0 runs, 0 hits, 0 errors, 0 left on base; Valley View 2 - Moose Jaw 0
TOP OF THE 2ND
Valley View Cougars batting - Pitching for Moose Jaw Canucks : RHP Tung-chi Ran
Batting: RHB Tomislav Djilas 0-0: Foul Ball, location: 2F
0-1: Ground out 6-3 (Groundball, 6M)
Batting: RHB Mario Ramírez 0-0: Ball
1-0: SINGLE (Groundball, 56D)
Batting: SHB Andy Woods 0-0: Swinging Strike
0-1: Ball
1-1: Foul Ball, location: 2F
1-2: Strikes out swinging
Batting: RHB Román Ramírez 0-0: SINGLE (Groundball, 56D)
Mario Ramírez to second
Batting: RHB Pedro Ortíz 0-0: Ball
1-0: Called Strike
1-1: 3-RUN HOME RUN (Flyball, 9D), Distance : 368 ft
Batting: LHB António Casas 0-0: Called Strike
0-1: Ball
1-1: Ball
2-1: Fly out, F8 (Flyball, 8RM)
Top of the 2nd over - 3 runs, 3 hits, 0 errors, 0 left on base; Valley View 5 - Moose Jaw 0
BOTTOM OF THE 2ND
Moose Jaw Canucks batting - Pitching for Valley View Cougars : LHP Einar Engberg
Batting: RHB José Ayala 0-0: Called Strike
0-1: Swinging Strike
0-2: Strikes out swinging, 2-3 out at first.
Batting: RHB António Valentín 0-0: Called Strike
0-1: Called Strike
0-2: Ball
1-2: Ball
2-2: Ground out 5-3 (Groundball, 56)
Batting: RHB Du-yang Zhu 0-0: Ground out 6-3 (Groundball, 6M)
Bottom of the 2nd over - 0 runs, 0 hits, 0 errors, 0 left on base; Valley View 5 - Moose Jaw 0
TOP OF THE 3RD
Valley View Cougars batting - Pitching for Moose Jaw Canucks : RHP Tung-chi Ran
Batting: RHB Carlos Mendoza 0-0: Ball
1-0: Ball
2-0: Ball
3-0: Called Strike
3-1: Foul Ball, location: 2F
3-2: Fly out, F1 (Popup, P)
Batting: LHB Manuel Gonzáles 0-0: Ball
1-0: Ball
2-0: Called Strike
2-1: Ground out 1-3 (Groundball, 13)
Batting: LHB Lucas Hancox 0-0: Swinging Strike
0-1: Swinging Strike
0-2: Ball
1-2: Strikes out swinging
Top of the 3rd over - 0 runs, 0 hits, 0 errors, 0 left on base; Valley View 5 - Moose Jaw 0
BOTTOM OF THE 3RD
Moose Jaw Canucks batting - Pitching for Valley View Cougars : LHP Einar Engberg
Batting: SHB Ricardo Serna 0-0: Fly out, F8 (Flyball, 8LD)
Batting: RHB Yaakov Shmerkin 0-0: Called Strike
0-1: Ball
1-1: Ball
2-1: Ball
3-1: Ground out 5-3 (Groundball, 56)
Batting: RHB Bernardo Rodríguez 0-0: Ball
1-0: Swinging Strike
1-1: Foul Ball, location: 2F
1-2: Ground out U3 (Groundball, 3S)
Bottom of the 3rd over - 0 runs, 0 hits, 0 errors, 0 left on base; Valley View 5 - Moose Jaw 0
TOP OF THE 4TH
Valley View Cougars batting - Pitching for Moose Jaw Canucks : RHP Tung-chi Ran
Batting: RHB Tomislav Djilas 0-0: Ball
1-0: Foul Ball, location: 2F
1-1: Ball
2-1: SINGLE (Groundball, 56D)
Batting: RHB Mario Ramírez 0-0: Fly out, F7 (Flyball, 7)
Batting: SHB Andy Woods Pickoff Throw to First - Error! E1
Tomislav Djilas to second
0-0: Ball
1-0: Ball
2-0: Ground out 6-3 (Groundball, 6S)
Tomislav Djilas to third
Batting: RHB Román Ramírez 0-0: Ball
1-0: Called Strike
1-1: Foul Ball, location: 2F
1-2: Foul Ball, location: 2F
1-2: SINGLE (Line Drive, 6M)
Tomislav Djilas scores
Batting: RHB Pedro Ortíz 0-0: Swinging Strike
0-1: Ball
1-1: Ball
2-1: Ball
3-1: Base on Balls
Román Ramírez to second
Batting: LHB António Casas 0-0: Called Strike
0-1: Ground out 1-3 (Groundball, P)
Top of the 4th over - 1 run, 2 hits, 1 error, 2 left on base; Valley View 6 - Moose Jaw 0
BOTTOM OF THE 4TH
Moose Jaw Canucks batting - Pitching for Valley View Cougars : LHP Einar Engberg
Batting: LHB Ramón Padilla 0-0: Called Strike
0-1: Ball
1-1: Swinging Strike
1-2: Ball
2-2: Ball
3-2: Base on Balls
Batting: RHB Qi-chao Di 0-0: Swinging Strike
0-1: Ball
1-1: Swinging Strike
1-2: Ball
2-2: Ball
3-2: Strikes out looking
Batting: RHB Michael Hughes 0-0: Called Strike
0-1: Called Strike
0-2: SINGLE (Line Drive, 7S)
Ramón Padilla to second
Batting: RHB José Ayala 0-0: Foul Ball, location: 2F
0-1: Called Strike
0-2: Foul Ball, location: 2F
0-2: Ball
1-2: Foul Ball, location: 2F
1-2: Ball
2-2: Ball
3-2: Base on Balls
Ramón Padilla to third
Michael Hughes to second
Batting: RHB António Valentín 0-0: Called Strike
0-1: Ball
1-1: Called Strike
1-2: Strikes out swinging
Batting: RHB Du-yang Zhu 0-0: Ball
1-0: Ball
2-0: Called Strike
2-1: Ball
3-1: SINGLE (Line Drive, 56D)
Ramón Padilla scores
Michael Hughes to third
José Ayala to second
Runner from 3rd tries for Home, SAFE, no throw
Batting: SHB Ricardo Serna 0-0: Ball
1-0: Fielders Choice at 2nd, 6-4 (Groundball, 6)
Bottom of the 4th over - 2 runs, 2 hits, 0 errors, 2 left on base; Valley View 6 - Moose Jaw 2
TOP OF THE 5TH
Valley View Cougars batting - Pitching for Moose Jaw Canucks : RHP Tung-chi Ran
Batting: RHB Carlos Mendoza 0-0: Ball
1-0: Swinging Strike
1-1: Called Strike
1-2: Foul Ball, location: 2F
1-2: Ball
2-2: Ball
3-2: TRIPLE (Flyball, 7D)
Batting: LHB Manuel Gonzáles 0-0: Called Strike
0-1: SINGLE (Groundball, 34D)
Carlos Mendoza scores
Pitching: RHP Gi-hyuk Tang
Batting: LHB Lucas Hancox 0-0: Foul Ball, location: 2F
0-1: Swinging Strike
0-2: Ball
1-2: Strikes out looking
Batting: RHB Tomislav Djilas 0-0: Called Strike
0-1: Foul Ball, location: 2F
0-2: Foul Ball, location: 2F
0-2: SINGLE (Line Drive, 6M)
Manuel Gonzáles to second
Batting: RHB Mario Ramírez 0-0: Ball
1-0: Ball
Passed Ball!
Manuel Gonzáles to third
Tomislav Djilas to second
2-0: Called Strike
2-1: Ball
3-1: Fly out, F6 (Line Drive, 56)
Batting: SHB Andy Woods 0-0: DOUBLE (Line Drive, 8RD)
Manuel Gonzáles scores
Tomislav Djilas scores
Batting: RHB Román Ramírez 0-0: Ball
1-0: Ball
2-0: SINGLE (Line Drive, 4D)
Andy Woods to third
Runner from 3rd tries for Home, SAFE, no throw
Batting: RHB Pedro Ortíz 0-0: Ball
1-0: SINGLE (Groundball, 6M) (infield hit)
Román Ramírez to second
Batting: LHB António Casas 0-0: Called Strike
0-1: Called Strike
0-2: Strikes out swinging
Top of the 5th over - 4 runs, 6 hits, 0 errors, 2 left on base; Valley View 10 - Moose Jaw 2
BOTTOM OF THE 5TH
Moose Jaw Canucks batting - Pitching for Valley View Cougars : LHP Einar Engberg
Batting: RHB Yaakov Shmerkin 0-0: Ball
1-0: Ball
2-0: Fly out, F7 (Flyball, 7)
Batting: RHB Bernardo Rodríguez 0-0: Ball
1-0: Ball
2-0: Called Strike
2-1: Fly out, F3 (Popup, 3)
Batting: LHB Ramón Padilla 0-0: Ball
1-0: Foul Ball, location: 2F
1-1: Called Strike
1-2: Ground out 6-3 (Groundball, 6)
Bottom of the 5th over - 0 runs, 0 hits, 0 errors, 0 left on base; Valley View 10 - Moose Jaw 2
TOP OF THE 6TH
Valley View Cougars batting - Pitching for Moose Jaw Canucks : RHP Gi-hyuk Tang
Batting: RHB Carlos Mendoza 0-0: Called Strike
0-1: Called Strike
0-2: Ball
1-2: Ball
2-2: Strikes out looking
Batting: LHB Manuel Gonzáles 0-0: Foul Ball, location: 2F
0-1: Ball
1-1: Foul Ball, location: 2F
1-2: Foul Ball, location: 2F
1-2: Strikes out swinging
Batting: LHB Lucas Hancox 0-0: Ball
1-0: Called Strike
1-1: Swinging Strike
1-2: SINGLE (Groundball, 4MD)
Batting: RHB Tomislav Djilas 0-0: Ball
1-0: Fly out, F1 (Line Drive, 13)
Top of the 6th over - 0 runs, 1 hit, 0 errors, 1 left on base; Valley View 10 - Moose Jaw 2
BOTTOM OF THE 6TH
Moose Jaw Canucks batting - Pitching for Valley View Cougars : LHP Einar Engberg
Batting: RHB Qi-chao Di 0-0: Ball
1-0: Called Strike
1-1: Ground out 5-3 (Groundball, 56S)
Batting: RHB Michael Hughes 0-0: Ball
1-0: Ball
2-0: Ball
3-0: Called Strike
3-1: Foul Ball, location: 2F
3-2: Foul Ball, location: 2F
3-2: SINGLE (Line Drive, 56)
Batting: RHB José Ayala 0-0: Called Strike
0-1: Ball
1-1: Ball
2-1: Ground out U3 (Groundball, 34S)
Michael Hughes to second
Batting: RHB António Valentín 0-0: Ball
1-0: Swinging Strike
1-1: Ball
2-1: DOUBLE (Flyball, 78D)
Michael Hughes scores
Batting: RHB Du-yang Zhu 0-0: Ball
1-0: Ball
2-0: Called Strike
2-1: Reached on error, E6 (Groundball, 6)
António Valentín scores
Batting: SHB Ricardo Serna 0-0: Foul Ball, location: 2F
0-1: Foul Ball, location: 2F
0-2: Ball
1-2: Fly out, F8 (Flyball, 8RD)
Bottom of the 6th over - 2 runs, 2 hits, 1 error, 1 left on base; Valley View 10 - Moose Jaw 4
TOP OF THE 7TH
Valley View Cougars batting - Pitching for Moose Jaw Canucks : RHP Gi-hyuk Tang
Batting: RHB Mario Ramírez 0-0: Ball
1-0: Ball
2-0: Ball
3-0: Base on Balls
Batting: SHB Andy Woods 0-0: Called Strike
0-1: Called Strike
0-2: Strikes out swinging
Batting: RHB Román Ramírez Pickoff Throw to First - Out!
0-0: Called Strike
0-1: SINGLE (Groundball, 34D)
Batting: RHB Pedro Ortíz 0-0: Ball
1-0: Ball
2-0: Called Strike
2-1: Ball
3-1: 2-RUN HOME RUN (Flyball, 9LD), Distance : 344 ft
Batting: LHB António Casas 0-0: Ball
1-0: Ball
2-0: Called Strike
2-1: Foul Ball, location: 2F
2-2: Strikes out swinging
Top of the 7th over - 2 runs, 2 hits, 0 errors, 0 left on base; Valley View 12 - Moose Jaw 4
BOTTOM OF THE 7TH
Moose Jaw Canucks batting - Pitching for Valley View Cougars : LHP Einar Engberg
Batting: RHB Yaakov Shmerkin 0-0: Ball
1-0: Ball
2-0: Swinging Strike
2-1: Ball
3-1: Ground out 6-3 (Groundball, 6)
Batting: RHB Bernardo Rodríguez 0-0: Foul Ball, location: 2F
0-1: Foul Ball, location: 2F
0-2: Foul Ball, location: 2F
0-2: Ball
1-2: Foul Ball, location: 2F
1-2: Ground out 4-3 (Groundball, 4)
Batting: LHB Ramón Padilla 0-0: Swinging Strike
0-1: Ball
1-1: Fly out, F6 (Line Drive, 6)
Bottom of the 7th over - 0 runs, 0 hits, 0 errors, 0 left on base; Valley View 12 - Moose Jaw 4
TOP OF THE 8TH
Valley View Cougars batting - Pitching for Moose Jaw Canucks : RHP Gi-hyuk Tang
Batting: RHB Carlos Mendoza 0-0: Ball
1-0: Called Strike
1-1: Called Strike
1-2: Foul Ball, location: 2F
1-2: Foul Ball, location: 2F
1-2: Strikes out swinging
Batting: LHB Manuel Gonzáles 0-0: Called Strike
0-1: Ball
1-1: Foul Ball, location: 2F
1-2: Ball
2-2: Foul Ball, location: 2F
2-2: Ball
3-2: Foul Ball, location: 2F
3-2: Strikes out looking
Batting: LHB Lucas Hancox 0-0: Called Strike
0-1: Ball
1-1: Fly out, F4 (Popup, 34)
Top of the 8th over - 0 runs, 0 hits, 0 errors, 0 left on base; Valley View 12 - Moose Jaw 4
BOTTOM OF THE 8TH
Moose Jaw Canucks batting - Pitching for Valley View Cougars : LHP Einar Engberg
Now in LF: Salvador Hernández
Batting: RHB Qi-chao Di 0-0: Ball
1-0: Ball
2-0: SOLO HOME RUN (Flyball, 89D), Distance : 391 ft
Pitching: RHP Daniel Carvajal
Batting: RHB Michael Hughes 0-0: Called Strike
0-1: Called Strike
0-2: Strikes out swinging
Batting: RHB José Ayala 0-0: Ball
1-0: Foul Ball, location: 2F
1-1: SINGLE (Groundball, 56D)
Batting: RHB António Valentín 0-0: Foul Ball, location: 2F
0-1: Ball
1-1: Ball
2-1: Called Strike
2-2: Strikes out looking
Batting: RHB Du-yang Zhu 0-0: Foul Ball, location: 2F
0-1: Ball
1-1: Swinging Strike
1-2: Ball
2-2: Strikes out looking
Bottom of the 8th over - 1 run, 2 hits, 0 errors, 1 left on base; Valley View 12 - Moose Jaw 5
TOP OF THE 9TH
Valley View Cougars batting - Pitching for Moose Jaw Canucks : RHP Gi-hyuk Tang
Batting: RHB Tomislav Djilas 0-0: Fly out, F8 (Flyball, 8RD)
Batting: RHB Mario Ramírez 0-0: Foul Ball, location: 2F
0-1: Ball
1-1: Called Strike
1-2: Ground out 5-3 (Groundball, 56)
Batting: SHB Andy Woods 0-0: Foul Ball, location: 2F
0-1: Ball
1-1: Ball
2-1: Ground out 1-3 (Groundball, 15)
Top of the 9th over - 0 runs, 0 hits, 0 errors, 0 left on base; Valley View 12 - Moose Jaw 5
BOTTOM OF THE 9TH
Moose Jaw Canucks batting - Pitching for Valley View Cougars : RHP Daniel Carvajal
Batting: SHB Ricardo Serna 0-0: Swinging Strike
0-1: SINGLE (Groundball, 34D)
Batting: RHB Yaakov Shmerkin 0-0: Fly out, F3 (Popup, 3S)
Batting: RHB Bernardo Rodríguez 0-0: Called Strike
0-1: Ball
1-1: Grounds into double play, 6-4-3 (Groundball, 6)
Bottom of the 9th over - 0 runs, 1 hit, 0 errors, 0 left on base; Valley View 12 - Moose Jaw 5
Wednesday, September 19th, 2018 - OOTP Baseball 18.8 Build 76